 Dungeon Crawl Stone Soup version 0.28.0-47-ge53b351184 (webtiles) character file.

Game seed: 11989802895090665871

1400 croobank the Shield-Bearer (level 8, -6/67 HPs)
             Began as a Gnoll Fighter on May 9, 2022.
             Was an Initiate of Hepliaklqana.
             Killed from afar by an acid dragon (32 damage)
             ... with a splash of acid
             ... on level 6 of the Dungeon.
             The game lasted 00:18:27 (6453 turns).

croobank the Shield-Bearer (Gnoll Fighter)          Turns: 6453, Time: 00:18:27

Health: -6/67      AC: 14    Str: 17    XL:     8   Next: 69%
Magic:  13/13      EV:  8    Int:  7    God:    Hepliaklqana [......]
Gold:   142        SH:  6    Dex: 13    Spells: 13/14 levels left

rFire   . . .      SeeInvis .   a - +0 war axe
rCold   . . .      Faith    .   c - +0 buckler
rNeg    . . .      Spirit   .   C - +0 chain mail
rPois   .          Reflect  .   (no helmet)
rElec   .          Harm     .   u - +1 cloak
rCorr   .          Rampage  .   (no gloves)
Will    .....                   z - +0 pair of boots
Stlth   ..........              (no amulet)
HPRegen 0.21/turn               (no ring)
MPRegen 0.13/turn               (no ring)

@: no status effects
A: fangs 1, strong nose, distributed training
a: Renounce Religion


You were on level 6 of the Dungeon.
You worshipped Hepliaklqana.
Hepliaklqana was noncommittal.
You visited 2 branches of the dungeon, and saw 7 of its levels.

You collected 142 gold pieces.

Inventory:

Hand Weapons
 a - a +0 war axe (weapon)
 f - a +2 executioner's axe of draining
 i - a +1 antimagic whip
 k - a +0 halberd of freezing
 n - a +1 short sword of speed
Missiles
 l - 100 stones (quivered)
 m - 15 sling bullets
 s - 33 arrows
 y - 33 bolts
Armour
 b - a +1 scale mail
 c - a +0 buckler (worn)
 q - the +4 robe of Spring {+Blink Will- rCorr Dex+8}
   (You found it on level 3 of the Dungeon)

   Dex:       It affects your dexterity (+8).
   +Blink:    It lets you blink.
   rCorr:     It protects you from acid and corrosion.
   Will:      It decreases your willpower.
 u - a +1 cloak (worn)
 z - a +0 pair of boots (worn)
 C - a +0 chain mail (worn)
Jewellery
 h - a ring of protection from fire
 A - an amulet of faith
Wands
 d - a wand of flame (10)
 B - a wand of iceblast (1)
Scrolls
 e - a scroll of silence
 j - a scroll of magic mapping
 t - a scroll of teleportation
Potions
 g - 2 potions of flight
 o - 2 potions of degeneration {unknown}
 p - 2 potions of lignification {unknown}
 r - 2 potions of cancellation {unknown}
 v - 2 potions of haste {unknown}
 w - a potion of resistance {unknown}
 x - a potion of invisibility {unknown}


   Skills:
 + Level 7.5 Fighting
 + Level 3.5 Short Blades
 + Level 3.5 Long Blades
 + Level 5.8 Axes
 + Level 3.5 Maces & Flails
 + Level 3.5 Polearms
 + Level 3.5 Staves
 + Level 3.5 Slings
 + Level 3.5 Bows
 + Level 3.5 Crossbows
 + Level 3.5 Throwing
 + Level 7.5 Armour
 + Level 3.5 Dodging
 + Level 3.5 Stealth
 + Level 7.5 Shields
 + Level 3.5 Unarmed Combat
 + Level 3.5 Spellcasting
 + Level 2.8 Conjurations
 + Level 2.8 Hexes
 + Level 2.8 Summonings
 + Level 2.8 Necromancy
 + Level 2.8 Translocations
 + Level 2.8 Transmutations
 + Level 2.8 Fire Magic
 + Level 2.8 Ice Magic
 + Level 2.8 Air Magic
 + Level 2.8 Earth Magic
 + Level 2.8 Poison Magic
 + Level 3.8 Invocations
 + Level 3.5 Evocations


You had 13 spell levels left.
You knew the following spells:

 Your Spells              Type           Power      Damage    Failure   Level
a - Foxfire               Conj/Fire      20%        2x1d5     82%         1

Your spell library contained the following spells:

 Spells                   Type           Power      Damage    Failure   Level
 Freeze                   Ice            20%        1d4       82%         1
 Corpse Rot               Necr/Air       10%        N/A       91%         2
 Poisonous Vapours        Pois/Air       10%        N/A       91%         2
 Conjure Flame            Conj/Fire      5%         6-21      99%         3
 Frozen Ramparts          Ice            10%        1d3       99%         3
 Inner Flame              Hex/Fire       5%         N/A       99%         3
 Flame Wave               Conj/Fire      5%         2d5       100%        4
 Hailstorm                Conj/Ice       5%         3d4       100%        4


Dungeon Overview and Level Annotations

Branches:
Dungeon (6/15)             Temple (1/1) D:6

Altars:
Ashenzari
Cheibriados
Dithmenos
Elyvilon
Fedhas
Hepliaklqana
Kikubaaqudgha
Makhleb
Nemelex Xobeh
Okawaru
Qazlal
Ru
Sif Muna
Trog
Uskayaw
Vehumet
Wu Jian
Xom
Yredelemnul
Zin
The Shining One

Annotations:
D:3 3 runed translucent doors, khangoldenlief's ghost, amateur GnAM


Innate Abilities, Weirdness & Mutations

You have very sharp teeth.
Your uncanny sense of smell can sniff out nearby items.
Your experience applies equally to all skills.


Message History

An acid dragon comes into view.
The acid dragon roars!
The acid dragon spits acid at you. The splash of acid hits you!
Things that are here:
a +0 whip; a +0 leather armour The acid dragon spits acid at you.
The splash of acid hits you! The acid corrodes you!
Found 9 gold pieces and a potion of heal wounds.
You start resting.
An acid dragon is nearby!
You hit the acid dragon.
The acid dragon is lightly wounded.
The acid dragon bites you! You block the acid dragon's attack.
You hit the acid dragon.
The acid dragon is moderately wounded.
The acid dragon spits acid at you. The splash of acid hits you!
You are too injured to fight recklessly!
You are too injured to fight recklessly!
You closely miss the acid dragon. Your bite misses the acid dragon.
The acid dragon is moderately wounded.
The acid dragon bites you. You block the acid dragon's attack.
Aiming: Iceblast
Press: ? - help, Shift-Dir - straight line The mass of ice explodes!
The iceblast engulfs the acid dragon!
The acid dragon is severely wounded.
The acid dragon bites you but does no damage.
The acid dragon claws you.
An acid dragon is nearby!
Unknown command.
Aiming: Throw Flame
Press: ? - help, Shift-Dir - straight line, f - acid dragon
Aim: an acid dragon (severely wounded, 71% to hit)
The puff of flame hits the acid dragon.
The acid dragon is almost dead.
You are no longer corroded.
The acid dragon spits acid at you. The splash of acid hits you!!
You die...

###......###. .............#
#....†..##.
.............#####.......##.
................##.....^....
.........#...!.............
#.D.....#.$...............
......#.................
#...###................
#.###@..........##....
#..###D......... #####
#.).....#......#### #
#.......# ##....#.####
#......######........#
##........#.#..........
#........##..........#.
#....................#
##...................##


You could see an acid dragon (catching breath).

Vanquished Creatures
  Grinder (D:3)
  An ice beast (D:6)
  An orc warrior (D:6)
  2 ogres
  A necrophage (D:4)
  A phantom (D:5)
  2 scorpions (D:4)
  A water moccasin skeleton (D:6)
  An oklob sapling (D:6)
  A centaur zombie (D:6)
  2 hounds
  3 orc priests
  An iguana (D:6)
  2 orc wizards
  A killer bee zombie (D:6)
  8 gnolls
  2 adders (D:4)
  A white imp (D:6)
  An adder zombie (D:5)
  A worm (D:4)
  5 dart slugs
  7 orcs
  3 endoplasms (D:1)
  4 giant cockroaches
  13 goblins
  8 hobgoblins
  3 quokkas
  4 ball pythons
  5 bats
  3 frilled lizards
  5 kobolds
  5 rats
99 creatures vanquished.

Vanquished Creatures (others)
  10 plants (D:6)
10 creatures vanquished.

Grand Total: 109 creatures vanquished

Notes
Turn   | Place    | Note
-------+----------+-------------------------------------------
     0 | D:1      | croobank the Gnoll Fighter began the quest for the Orb.
     0 | D:1      | Reached XP level 1. HP: 23/23 MP: 1/1
    61 | D:1      | Found a faded altar of an unknown god.
    61 | D:1      | Noticed a reaper
   250 | D:1      | Reached XP level 2. HP: 26/29 MP: 2/2
   612 | D:1      | Reached XP level 3. HP: 30/35 MP: 3/3
  1218 | D:2      | Reached skill level 1 in Invocations
  1411 | D:2      | Reached skill level 1 in Short Blades
  1411 | D:2      | Reached skill level 1 in Long Blades
  1411 | D:2      | Reached skill level 1 in Maces & Flails
  1411 | D:2      | Reached skill level 1 in Polearms
  1411 | D:2      | Reached skill level 1 in Staves
  1411 | D:2      | Reached skill level 1 in Slings
  1411 | D:2      | Reached skill level 1 in Bows
  1411 | D:2      | Reached skill level 1 in Crossbows
  1411 | D:2      | Reached skill level 1 in Throwing
  1411 | D:2      | Reached skill level 1 in Dodging
  1411 | D:2      | Reached skill level 1 in Stealth
  1411 | D:2      | Reached skill level 1 in Unarmed Combat
  1411 | D:2      | Reached skill level 1 in Spellcasting
  1411 | D:2      | Reached skill level 1 in Evocations
  1414 | D:2      | Reached XP level 4. HP: 41/41 MP: 5/5
  1577 | D:2      | Learned a level 1 spell: Foxfire
  1842 | D:3      | Identified a scroll of acquirement
  1842 | D:3      | Acquired a +2 executioner's axe of draining
  1908 | D:3      | Reached skill level 1 in Conjurations
  1908 | D:3      | Reached skill level 1 in Hexes
  1908 | D:3      | Reached skill level 1 in Summonings
  1908 | D:3      | Reached skill level 1 in Necromancy
  1908 | D:3      | Reached skill level 1 in Translocations
  1908 | D:3      | Reached skill level 1 in Transmutations
  1908 | D:3      | Reached skill level 1 in Fire Magic
  1908 | D:3      | Reached skill level 1 in Ice Magic
  1908 | D:3      | Reached skill level 1 in Air Magic
  1908 | D:3      | Reached skill level 1 in Earth Magic
  1908 | D:3      | Reached skill level 1 in Poison Magic
  1919 | D:3      | Noticed an ogre
  1921 | D:3      | Noticed khangoldenlief's ghost (amateur GnAM)
  1924 | D:3      | Found a runed translucent gate.
  1926 | D:3      | Found a runed translucent gate.
  1930 | D:3      | Found a runed translucent gate.
  1957 | D:3      | Identified the +4 robe of Spring {+Blink Will- rCorr Dex+8}
  2111 | D:3      | Noticed Grinder
  2123 | D:3      | Paralysed by Grinder for 5 turns
  2129 | D:3      | Killed Grinder
  2130 | D:3      | Reached XP level 5. HP: 14/47 MP: 5/7
  2130 | D:3      | Reached XP level 6. HP: 16/53 MP: 5/8
  2655 | D:3      | Reached skill level 5 in Axes
  3190 | D:4      | Reached XP level 7. HP: 46/59 MP: 10/10
  4908 | D:5      | Entered Level 5 of the Dungeon
  5041 | D:5      | Reached XP level 8. HP: 58/67 MP: 12/12
  5174 | D:5      | Noticed a yak
  5174 | D:5      | Noticed a yak
  5175 | D:5      | Noticed a yak
  5455 | D:6      | Found a staircase to the Ecumenical Temple.
  5482 | Temple   | Entered the Ecumenical Temple
  5827 | Temple   | Became a worshipper of Hepliaklqana the Forgotten
  6453 | D:6      | Killed from afar by an acid dragon

Illustrated notes

Levels and vault maps discovered:
D:1:      dpeg_arrival_renting, layout_loops_corners,
          dreamdust_ecumenical_altar_sealed_demon
D:2:      layout_basic, fountainhead, minmay_tromino_i4
D:3:      layout_basic, gammafunk_ghost_split, uniq_grinder
D:4:      kennysheep_the_goblin_king, layout_layer_cave, due_unseen_surprise
D:5:      layout_loops_corners, grunt_gozag_breadcrumbs,
          chequers_serial_rivers_large_a, grunt_ministairs_12,
          uniq_prince_ribbit1
D:6:      layout_cave_pools, minmay_temple_entry_oklob
Temple:   mainiacjoe_temple_hex_bubbles

Skill      XL: |  1  2  3  4  5  6  7  8 |
---------------+-------------------------+-----
Invocations    | 1 2 3 |  3.8
Short Blades   | 1 2 3 |  3.5
Long Blades    | 1 2 3 |  3.5
Maces & Flails | 1 2 3 |  3.5
Polearms       | 1 2 3 |  3.5
Staves         | 1 2 3 |  3.5
Slings         | 1 2 3 |  3.5
Bows           | 1 2 3 |  3.5
Crossbows      | 1 2 3 |  3.5
Throwing       | 1 2 3 |  3.5
Dodging        | 1 2 3 |  3.5
Stealth        | 1 2 3 |  3.5
Unarmed Combat | 1 2 3 |  3.5
Spellcasting   | 1 2 3 |  3.5
Evocations     | 1 2 3 |  3.5
Conjurations   | 1 2 |  2.8
Hexes          | 1 2 |  2.8
Summonings     | 1 2 |  2.8
Necromancy     | 1 2 |  2.8
Translocations | 1 2 |  2.8
Transmutations | 1 2 |  2.8
Fire Magic     | 1 2 |  2.8
Ice Magic      | 1 2 |  2.8
Air Magic      | 1 2 |  2.8
Earth Magic    | 1 2 |  2.8
Poison Magic   | 1 2 |  2.8
Axes           | 5 |  5.8
Fighting       | 7 |  7.5
Armour         | 7 |  7.5
Shields        | 7 |  7.5

Action                   |  1- 3 |  4- 6 |  7- 9 || total
-------------------------+-------+-------+-------++-------
Melee: War axe           |    80 |    94 |   168 ||   342
       Bite              |     5 |     8 |    26 ||    39
Evoke: Wand              |       |       |     9 ||     9
  Use: Scroll            |       |     9 |     6 ||    15
       Potion            |       |     1 |     1 ||     2
Armor: Scale mail        |    30 |    35 |    32 ||    97
       Chain mail        |       |       |    40 ||    40
Dodge: Dodged            |    34 |    38 |    83 ||   155
Block: Buckler           |    27 |    20 |    34 ||    81
